Map: Neon Violet Square LE

Players

HalfBreed - Winner!

  • Race: Zerg Zerg
  • Spawn Location: 5:00

Kelazhur

  • Race: Terran Terran
  • Spawn Location: 11:00

VOD

Have the link to the VOD?

Description

Time

  • Played on: Feb. 1, 2018, 5:03 p.m.
  • Length: 12:52
Show
View Real Time Build Order
Export as new Build Order

HalfBreed Zerg - Winner!

Build Orders: Hatch First 

Get SALT Encoding   

  12  0:01  Drone  
  13  0:13  Overlord  
  13  0:18  Drone  
  14  0:31  Drone x2  
  14  0:35  Drone  
  17  0:52  Hatchery  
  17  0:55  Drone  
  17  0:59  Drone  
  18  1:09  Extractor  
  17  1:13  Spawning Pool  
  17  1:17  Drone  
  17  1:20  Drone  
  18  1:29  Drone  
  19  1:39  Drone  
  20  1:50  Overlord  
  20  2:00  Queen  
  22  2:04  Queen  
  22  2:05  Zergling x4  
  26  2:10  Metabolic Boost  
  26  2:12  Drone  
  27  2:28  Hatchery  
  26  2:32  Drone  
  26  2:35  Drone  
  28  2:37  Drone  
  28  2:40  Drone  
  30  2:48  Queen  
  32  2:54  Overlord  
  32  2:57  Drone  
  33  2:58  Drone  
  33  3:05  Drone x2  
  36  3:13  Drone x2  
  36  3:15  Drone x3  
  41  3:23  Drone x2  
  41  3:28  Roach Warren  
  41  3:31  Zergling x2  
  41  3:34  Queen  
  43  3:42  Zergling x6  
  46  3:49  Overlord x2  
  46  3:51  Zergling x4  
  48  3:56  Overlord  
  48  4:09  Roach x6  
  60  4:18  Zergling x2  
  60  4:22  Drone x4  
  60  4:23  Drone  
  63  4:25  Drone  
  63  4:36  Drone x3  
  63  4:38  Lair  
  63  4:40  Drone  
  63  4:43  Spore Crawler  
  62  4:45  Spore Crawler  
  62  4:49  Drone  
  62  4:50  Drone x2  
  62  4:51  Extractor x2  
  62  4:56  Spore Crawler  
  62  4:59  Drone x2  
  59  5:01  Drone x2  
  59  5:04  Drone  
  61  5:08  Drone  
  61  5:10  Drone  
  61  5:13  Drone x3  
  66  5:28  Drone x4  
  68  5:29  Overlord  
  68  5:30  Drone  
  68  5:34  Extractor  
  68  5:42  Overlord  
  66  5:43  Drone x2  
  66  5:45  Drone x2  
  66  5:47  Drone x2  
  66  5:48  Evolution Chamber  
  66  5:49  Drone x2, Baneling Nest  
  64  5:54  Overseer  
  64  5:56  Queen  
  62  6:03  Drone x4  
  68  6:08  Drone x4  
  68  6:10  Evolution Chamber, Extractor  
  68  6:11  Queen, Extractor  
  69  6:18  Overlord  
  71  6:19  Zerg Ground Armor Level 1  
  71  6:20  Overseer  
  71  6:21  Zergling x6  
  70  6:27  Queen  
  72  6:33  Queen  
  72  6:34  Centrifical Hooks  
  74  6:42  Zerg Melee Weapons Level 1  
  74  6:44  Drone  
  75  6:47  Drone x3  
  75  6:48  Drone, Hydralisk Den  
  75  6:49  Drone x2  
  75  6:53  Drone x3  
  82  7:02  Drone x3  
  82  7:06  Zergling x10  
  82  7:07  Hatchery  
  82  7:08  Overlord  
  89  7:15  Overlord  
  89  7:17  Muscular Augments  
  89  7:20  Drone  
  89  7:21  Overlord  
  89  7:22  Infestation Pit  
  86  7:32  Drone x7  
  86  7:33  Baneling  
  86  7:34  Baneling x2, Hydralisk  
  95  7:38  Hydralisk x2  
  99  7:45  Hydralisk x4  
  107  7:54  Hydralisk x2  
  107  7:55  Zergling x4  
  113  8:00  Hive  
  113  8:04  Drone  
  114  8:06  Spore Crawler, Hydralisk x3  
  119  8:20  Hydralisk x4  
  119  8:24  Baneling x4  
  119  8:26  Drone  
  128  8:28  Grooved Spines  
  128  8:29  Overlord  
  127  8:42  Overlord  
  127  8:43  Zerg Ground Armor Level 2, Zerg Melee Weapons Level 2  
  127  8:46  Overlord  
  127  8:47  Extractor x2, Overlord  
  125  8:56  Zergling x20  
  125  9:00  Hatchery, Pneumatized Carapace  
  134  9:04  Drone x3  
  134  9:08  Drone x2  
  139  9:14  Ultralisk Cavern  
  138  9:21  Adrenal Glands  
  138  9:23  Drone x2  
  138  9:32  Zergling x34  
  155  9:40  Viper  
  155  9:42  Overlord x3  
  158  9:57  Overlord x2  
  158  10:06  Chitinous Plating  
  158  10:09  Drone x2  
  158  10:10  Drone  
  158  10:11  Viper x2  
  165  10:19  Ultralisk x2  
  165  10:20  Extractor, Zergling x10  
  179  10:31  Zergling x14  
  179  10:32  Zergling x16  
  185  10:44  Ultralisk  
  185  10:47  Zergling x4  
  185  10:48  Zergling x12  
  183  11:07  Ultralisk x2, Zergling x16  
  182  11:21  Ultralisk  
  182  11:24  Drone x2, Queen  
  187  11:44  Drone  
  187  11:45  Drone x2  
  187  11:46  Extractor  
  189  11:47  Extractor  
  178  12:04  Hatchery  
  178  12:05  Ultralisk  
  178  12:06  Zergling x26  
  180  12:20  Drone x3  
  183  12:33  Zergling x4, Spire  
Show
View Real Time Build Order
Export as new Build Order

Kelazhur Terran 

Build Orders: Hellion Banshee, MMM Bio 

Get SALT Encoding   

  12  0:00  SCV  
  13  0:13  SCV  
  14  0:17  Supply Depot  
  14  0:25  SCV  
  15  0:39  SCV  
  15  0:40  Barracks  
  16  0:44  Refinery  
  16  0:51  SCV  
  17  1:03  SCV  
  18  1:15  SCV  
  19  1:27  Marine  
  19  1:28  Orbital Command  
  20  1:40  Command Center  
  20  1:45  Marine  
  21  1:52  Supply Depot  
  21  1:55  SCV  
  22  2:06  Factory  
  22  2:10  Barracks Reactor  
  22  2:13  SCV  
  23  2:23  Refinery  
  23  2:25  SCV  
  24  2:37  SCV  
  25  2:50  SCV  
  26  2:51  Starport  
  26  2:52  Orbital Command  
  26  2:57  Hellion x2  
  30  3:02  SCV  
  31  3:06  Barracks Tech Lab  
  31  3:14  SCV  
  31  3:18  Hellion  
  31  3:19  Hellion  
  36  3:20  SCV  
  36  3:26  SCV  
  38  3:33  SCV  
  39  3:35  Cloaking Field, Banshee  
  42  3:43  Supply Depot  
  42  3:44  SCV  
  43  3:49  SCV  
  46  3:57  SCV  
  46  4:01  SCV  
  46  4:05  Hellion x2  
  46  4:06  Supply Depot  
  50  4:10  SCV  
  50  4:13  SCV  
  52  4:22  SCV, Banshee  
  54  4:27  Hellion  
  54  4:28  SCV  
  51  4:36  Hellion  
  50  4:38  SCV  
  50  4:40  SCV  
  51  4:47  Command Center  
  51  4:49  Hellion  
  51  4:50  SCV  
  54  4:53  SCV  
  57  5:02  SCV, Barracks Tech Lab  
  57  5:05  SCV  
  59  5:08  Banshee  
  59  5:14  SCV, Engineering Bay x2  
  62  5:16  Supply Depot  
  62  5:18  Supply Depot  
  62  5:20  Barracks  
  59  5:21  SCV  
  59  5:23  Factory Reactor  
  59  5:25  Barracks  
  59  5:27  SCV  
  59  5:28  Marine  
  59  5:34  SCV  
  61  5:39  SCV, Stimpack  
  59  5:46  SCV  
  55  5:51  SCV  
  55  5:52  Marine  
  55  5:58  SCV  
  55  6:02  Terran Infantry Armor Level 1, Terran Infantry Weapons Level 1  
  55  6:03  SCV  
  57  6:10  SCV  
  58  6:13  Refinery  
  58  6:15  SCV, Refinery  
  58  6:16  Starport Reactor  
  58  6:17  Marine  
  60  6:22  SCV  
  60  6:23  Marine x2  
  60  6:24  Siege Tank  
  66  6:27  SCV  
  66  6:28  Orbital Command  
  67  6:33  Armory  
  67  6:34  SCV  
  67  6:35  Marine x2  
  67  6:39  SCV  
  71  6:43  Marine x2  
  71  6:44  Marine  
  71  6:46  SCV  
  72  6:51  SCV  
  73  6:55  Barracks x2  
  73  6:57  Medivac x2  
  73  6:58  SCV, Marine x2  
  80  7:01  Siege Tank  
  80  7:04  SCV  
  80  7:05  Orbital Command  
  84  7:10  SCV  
  84  7:11  Marine x3  
  88  7:16  Supply Depot  
  88  7:17  SCV  
  88  7:20  Marine x2  
  92  7:22  SCV  
  92  7:29  Marine  
  93  7:35  Supply Depot  
  93  7:37  Marine, Medivac  
  93  7:38  SCV x2, Marauder  
  93  7:40  SCV  
  93  7:42  Supply Depot  
  101  7:46  Supply Depot  
  101  7:49  Refinery  
  101  7:50  Refinery  
  101  7:53  Terran Vehicle Weapons Level 1  
  101  7:54  Siege Tank  
  101  7:57  SCV, Medivac  
  104  8:00  Marine x3, Marauder  
  104  8:01  Barracks Reactor x2  
  104  8:04  SCV x2, Marine  
  112  8:07  Supply Depot  
  112  8:09  SCV  
  113  8:16  Supply Depot x2, SCV  
  113  8:17  SCV  
  115  8:21  SCV, Medivac  
  115  8:26  Siege Tank, Terran Infantry Weapons Level 2  
  115  8:27  Supply Depot  
  119  8:34  Medivac  
  119  8:35  Marine  
  119  8:36  Marine x4  
  119  8:40  SCV x2  
  119  8:41  SCV  
  129  8:46  Marine  
  129  8:48  Marine x3  
  131  8:49  Terran Infantry Armor Level 2  
  131  8:52  Supply Depot  
  131  8:53  Marine  
  131  8:54  Marine x3  
  137  8:56  Supply Depot  
  137  8:59  Marauder  
  133  9:04  Marine  
  133  9:06  Siege Tank  
  133  9:07  Marine x3  
  133  9:08  Medivac  
  133  9:09  Medivac  
  144  9:11  Marine  
  144  9:14  Marine x3  
  148  9:28  Marine  
  148  9:29  Marine x4, Marauder  
  152  9:32  Marine x3  
  152  9:38  Siege Tank  
  154  9:39  Command Center  
  154  9:43  Combat Shields  
  154  9:46  Marine x2  
  154  9:50  Marauder  
  158  9:55  Marine x6  
  158  9:59  Supply Depot  
  164  10:04  Marine  
  164  10:05  Marine  
  166  10:08  Supply Depot  
  166  10:12  Marauder  
  166  10:13  Marine x2  
  165  10:15  Marine  
  165  10:16  Supply Depot, Marine  
  165  10:17  Siege Tank  
  170  10:21  Starport  
  170  10:22  Fusion Core  
  170  10:23  Marine  
  170  10:24  Marine x2  
  170  10:26  Marine  
  171  10:31  Marine x2  
  171  10:33  Marine, Marauder  
  143  10:39  Marine  
  143  10:40  Marine  
  143  10:42  Marine  
  142  10:43  Marine  
  142  10:46  Medivac  
  143  10:57  Marine, Marauder  
  143  11:02  Orbital Command  
  140  11:04  Marine  
  140  11:05  Marine x5  
  146  11:18  Marine x2  
  110  11:19  Marauder  
  110  11:22  Marine x2  
  110  11:23  Marine x3  
  110  11:24  SCV x2  
  110  11:32  Marine  
  110  11:36  SCV  
  110  11:37  Marine  
  110  11:39  Siege Tank  
  112  11:46  SCV x2  
  114  11:49  Medivac x2  
  114  11:51  Marine  
  119  11:55  Marine  
  84  12:14  Siege Tank  
  81  12:16  Marine  
  81  12:17  Marine x7  
  81  12:19  Medivac x2  
  81  12:22  Marauder  
Tags
 
Add a new tag
Caveats
  • Supply blocks, unpowered buildings, or Contaminate may cause inaccurate times.
  • Supply counts are checked every 10 seconds.